 Dungeon Crawl Stone Soup version 0.26.0-5-gb5863c6483 (webtiles) character file.

Game seed: 13974290019066734109

16620 Fulmax the Protected (level 12, 0/80 HPs)
             Began as a Gargoyle Gladiator on Jan 10, 2021.
             Was a High Priest of Okawaru.
             Slain by an ice dragon (4 damage)
             ... in an ice cave.
             The game lasted 00:42:09 (13242 turns).

Fulmax the Protected (Gargoyle Gladiator)          Turns: 13242, Time: 00:42:09

Health: 0/80       AC: 25    Str: 23    XL:     12   Next: 39%
Magic:  19/19      EV: 11    Int:  9    God:    Okawaru [*****.]
Gold:   956        SH:  0    Dex: 17    Spells: 11/11 levels left

rFire    . . .     SeeInvis .   L - +3 demon whip (elec)
rCold    . . .     Faith    .   (no shield)
rNeg     + . .     Spirit   .   f - +0 scale mail
rPois    ∞         Reflect  .   c - +1 helmet
rElec    +         Harm     .   B - +1 cloak {rCorr}
rCorr    +         Rampage  .   (no gloves)
Will     +....                  n - +1 pair of boots
Stlth    ..........             (no amulet)
HPRegen  0.23/turn              b - ring of willpower
MPRegen  0.16/turn              z - +6 ring of dexterity

@: no status effects
A: negative energy resistance 1, electricity resistance, unbreathing,
petrification resistance, miasma immunity, AC +8
a: Renounce Religion, Heroism, Finesse


You were in an ice cave.
You worshipped Okawaru.
Okawaru was extremely pleased with you.
You visited 3 branches of the dungeon, and saw 13 of its levels.
You also visited: Gauntlet and Ice Cave.

You collected 956 gold pieces.

Inventory:

Hand Weapons
 p - a +6 whip of electrocution
 L - a +3 demon whip of electrocution (weapon)
Missiles
 u - 2 silver boomerangs
 w - 8 silver javelins
 F - 3 atropa-tipped darts (quivered)
Armour
 c - a +1 helmet (worn)
 f - a +0 scale mail (worn)
 n - a +1 pair of boots (worn)
 B - a +1 cloak of preservation (worn)
 K - the +3 robe of Clouds {+Thunder rCloud rElec}
   (Okawaru gifted it to you in a Gauntlet)

   It insulates you from electricity.
 Q - a +0 chain mail
 R - a +0 hat of intelligence
 S - a +1 ring mail of poison resistance
Jewellery
 b - a ring of willpower (left hand)
 y - a +4 ring of protection
 z - a +6 ring of dexterity (right hand)
 N - an uncursed amulet of magic regeneration {unknown}
 O - the ring "Upebucki" {Will+ Int+6 Dex+6, unknown}
   (You found it in a Gauntlet)

   [ring of dexterity]

   It affects your intelligence (+6).
   It affects your dexterity (+6).
   It affects your willpower, your defense against some magical effects.
Wands
 r - a wand of acid (10)
 t - a wand of paralysis (7)
 v - a wand of polymorph (8)
 A - a wand of digging (2)
 C - a wand of flame (30)
Scrolls
 e - a scroll of teleportation
 g - 3 scrolls of amnesia
 h - 4 scrolls of identify
 j - a scroll of immolation
 q - a scroll of magic mapping
 s - 8 scrolls of remove curse
 x - a scroll of holy word {unknown}
 E - a scroll of enchant armour
 M - a scroll of fog {unknown}
Potions
 a - 3 potions of flight
 i - 8 potions of curing
 k - a potion of mutation
 l - a potion of brilliance
 m - a potion of cancellation
 o - 2 potions of magic
 D - a potion of attraction
 G - 2 potions of might
 I - 2 potions of haste
Miscellaneous
 H - a lightning rod (4/4)
 J - a phantom mirror (inert)
 T - a condenser vane
 U - a lightning rod (4/4)
 V - a lightning rod (4/4)


   Skills:
 + Level 11.4 Fighting
 + Level 9.7 Maces & Flails
 - Level 1.7 Throwing
 - Level 12.0 Armour
 - Level 2.4 Dodging
 - Level 10.0 Invocations


You had 11 spell levels left.
You didn't know any spells.
Your spell library contained the following spells:

 Spells                   Type           Power        Failure   Level
 Animate Skeleton         Necr           0%           63%         1
 Apportation              Tloc           0%           63%         1
 Corona                   Hex            0%           63%         1
 Magic Dart               Conj           0%           63%         1
 Shock                    Conj/Air       0%           63%         1
 Summon Small Mammal      Summ           0%           63%         1
 Blink                    Tloc           N/A          77%         2
 Call Imp                 Summ           0%           77%         2
 Ensorcelled Hibernation  Hex/Ice        0%           77%         2
 Poisonous Vapours        Pois/Air       0%           77%         2
 Slow                     Hex            0%           77%         2
 Swiftness                Air            0%           77%         2
 Confusing Touch          Hex            0%           94%         3
 Conjure Flame            Conj/Fire      0%           94%         3
 Dazzling Flash           Conj/Hex       0%           94%         3
 Mephitic Cloud           Conj/Pois/Air  0%           94%         3
 Static Discharge         Conj/Air       0%           94%         3
 Tukima's Dance           Hex            0%           94%         3
 Airstrike                Air            0%           100%        4
 Lightning Bolt           Conj/Air       0%           100%        5
 Freezing Cloud           Conj/Ice/Air   0%           100%        6


Dungeon Overview and Level Annotations

Branches:
Dungeon (10/15)            Temple (1/1) D:6            Lair (2/6) D:10
 Shoals (0/4) Lair:2          Orc (0/2) D:9           IceCv (1/1)
Gauntlet (visited)
  Snake: Lair:2-4    Spider: Lair:2-4

Altars:
Ashenzari
Cheibriados
Fedhas
Hepliaklqana
Kikubaaqudgha
Makhleb
Nemelex Xobeh
Okawaru
Qazlal
Sif Muna
Trog
Uskayaw
The Shining One

Shops:
D:6 [:   D:9 :


Innate Abilities, Weirdness & Mutations

You are resistant to torment.
Your stone body is resilient. (AC +8)
You are immune to poison.
You resist negative energy. (rN+)
You are resistant to electric shocks. (rElec)
You can survive without breathing.
You are immune to petrification.
You are immune to miasma.


Message History

Press: ? - help, Shift-Dir - straight line, f/p - ice dragon
Aim: an ice dragon (lightly wounded, catching its breath, chance to affect: 28%)
The ice dragon easily resists.
The ice dragon breathes frost at you. The blast of cold hits you!!!
Ouch! That really hurt!
* * * LOW HITPOINT WARNING * * *
Okay, then.
Okay, then.
Evoke which item? (* to show all) (? for menu, Esc to quit)
Aiming: Phantom Mirror
Press: ? - help, Dir - move target, f/p - ice dragon
Aim: an ice dragon (lightly wounded, catching its breath)
You reflect the ice dragon with the mirror!
The mirror clouds!
The ice dragon bites you but does no damage.
The ice dragon claws you.
* * * LOW HITPOINT WARNING * * *
The ice dragon tramples you.
You die...

########
####....D.#
##......#.....
#..(##.## .D.
#####.D### .
#...##D# ##.#...@#
##..###.## ####..##
### ####....##
###......##
#...###### ..###
#### .## ###
########..# .###
##.######....#....#


You could see an ice dragon (catching breath) and a friendly ice dragon
(summoned, catching breath, drained).

Vanquished Creatures
  A balrug (Gauntlet)
  2 hydras (Lair:1)
  A two-headed ogre (D:9)
  A death scarab (Gauntlet)
  Nergalle (D:10)
  A spectral death yak (Gauntlet)
  A necromancer (Gauntlet)
  An ugly thing (D:7)
  Maurice (D:10)
  2 ice statues (IceCv)
  A cane toad (Lair:1)
  2 rime drakes (IceCv)
  2 ice devils (Lair:2)
  A hornet (D:9)
  2 shadows (D:9)
  Eustachio (D:4)
  3 yaks (Lair:2)
  A vampire mosquito (D:10)
  A two-headed ogre zombie (D:9)
  3 water moccasins
  A hell hound (Gauntlet)
  4 orc warriors
  A phantom (D:9)
  3 sky beasts
  18 ice beasts
  2 ogres (D:5)
  7 wolves
  8 centaurs
  A necrophage (D:9)
  A big kobold (D:7)
  7 bullfrogs
  A wyvern zombie (D:4)
  5 scorpions
  A water moccasin skeleton (D:2)
  8 wights
  4 troll zombies (D:9)
  2 vampire bats (D:7)
  2 howler monkeys
  8 crimson imps (D:9)
  2 centaur zombies
  A bullfrog zombie (D:10)
  4 hounds
  2 jellies
  5 orc priests
  7 orc wizards
  A centaur skeleton (D:9)
  Jessica (D:3)
  3 iguanas
  Terence (D:2)
  An iron imp (D:8)
  2 worker ants (D:4)
  3 ogre zombies (D:9)
  2 hound skeletons
  A worker ant zombie (D:7)
  14 adders
  3 shadow imps
  3 white imps
  5 ufetubi
  An ooze (D:2)
  An adder skeleton (D:4)
  3 worms
  3 leopard geckos
  39 orcs
  6 bats
  3 bat skeletons (D:7)
  4 bat zombies (D:7)
  4 giant cockroaches
  9 goblins
  5 hobgoblins
  4 jackals
  A ball python (D:1)
  4 goblin zombies (D:9)
  A hobgoblin skeleton (D:9)
  4 hobgoblin zombies (D:9)
  A jackal skeleton (D:4)
  10 kobolds
  4 orc skeletons (D:9)
  12 orc zombies (D:9)
  12 rats
305 creatures vanquished.

Vanquished Creatures (others)
  12 foxfires (D:10)
  A plant (Lair:1)
  16 withered plants (Gauntlet)
29 creatures vanquished.

Grand Total: 334 creatures vanquished

Notes
Turn   | Place    | Note
-------+----------+-------------------------------------------
     0 | D:1      | Fulmax the Gargoyle Gladiator began the quest for the Orb.
     0 | D:1      | Reached XP level 1. HP: 12/12 MP: 1/1
   105 | D:1      | Reached XP level 2. HP: 10/18 MP: 2/2
   529 | D:1      | Reached XP level 3. HP: 21/23 MP: 3/3
   870 | D:2      | Noticed Terence
   886 | D:2      | Killed Terence
   887 | D:2      | Reached XP level 4. HP: 28/28 MP: 4/4
  1437 | D:2      | Reached XP level 5. HP: 31/33 MP: 5/5
  1606 | D:2      | Found a bloodstained altar of Trog.
  2232 | D:3      | Noticed Jessica
  2238 | D:3      | Killed Jessica
  2243 | D:3      | Reached skill level 5 in Maces & Flails
  2471 | D:4      | Reached skill level 5 in Fighting
  2471 | D:4      | Reached XP level 6. HP: 36/40 MP: 6/6
  2568 | D:4      | Reached XP level 7. HP: 42/45 MP: 7/7
  2663 | D:4      | Noticed Eustachio
  2725 | D:4      | Killed Eustachio
  2984 | D:4      | Found a stormy altar of Qazlal.
  3204 | D:5      | Entered Level 5 of the Dungeon
  3289 | D:5      | Reached XP level 8. HP: 51/53 MP: 8/8
  4237 | D:5      | Found a shimmering blue altar of Sif Muna.
  4478 | D:5      | Reached XP level 9. HP: 33/61 MP: 9/9
  4668 | D:6      | Found a staircase to the Ecumenical Temple.
  4687 | D:6      | Reached skill level 10 in Fighting
  4691 | Temple   | Entered the Ecumenical Temple
  4744 | Temple   | Became a worshipper of Warmaster Okawaru
  4796 | D:6      | Reached skill level 1 in Armour
  4889 | D:6      | Found Touczup's Book Shop.
  4909 | D:6      | Reached skill level 2 in Armour
  4924 | D:6      | Reached skill level 3 in Armour
  5196 | D:6      | Found Bextar's Armour Shop.
  5329 | D:7      | Reached skill level 4 in Armour
  5613 | D:7      | Found a glowing golden altar of the Shining One.
  5750 | D:7      | Reached skill level 5 in Armour
  5770 | D:7      | Found an ancient bone altar of Kikubaaqudgha.
  5836 | D:7      | Noticed a red ugly thing
  5860 | D:7      | Killed a red ugly thing
  5860 | D:7      | Reached * piety under Okawaru
  5861 | D:7      | Reached skill level 6 in Armour
  5908 | D:7      | Reached skill level 7 in Armour
  5916 | D:7      | Reached skill level 1 in Invocations
  6192 | D:8      | Found a broken altar of Ashenzari.
  6316 | D:8      | Reached ** piety under Okawaru
  6317 | D:8      | Reached XP level 10. HP: 64/68 MP: 10/12
  6374 | D:8      | Found a blossoming altar of Fedhas.
  6842 | D:8      | Found a snail-covered altar of Cheibriados.
  6850 | D:8      | Reached skill level 8 in Armour
  6903 | D:8      | Found a burning altar of Makhleb.
  7107 | D:9      | Noticed a two-headed ogre
  7122 | D:9      | Killed a two-headed ogre
  7122 | D:9      | Reached *** piety under Okawaru
  7123 | D:9      | Reached skill level 5 in Invocations
  7546 | D:9      | Found a staircase to the Orcish Mines.
  7577 | D:9      | Reached skill level 9 in Armour
  8564 | D:9      | Found Semimes's Book Shop.
  9008 | D:9      | Reached **** piety under Okawaru
  9475 | D:10     | Entered Level 10 of the Dungeon
  9515 | D:10     | Noticed Maurice
  9652 | D:10     | Killed Maurice
  9653 | D:10     | Reached skill level 10 in Armour
  9701 | D:10     | Reached XP level 11. HP: 72/72 MP: 16/16
 10048 | D:10     | Noticed a will-o-the-wisp
 10048 | D:10     | Noticed a will-o-the-wisp
 10052 | D:10     | Received a gift from Okawaru
 10355 | D:10     | Noticed Nergalle
 10356 | D:10     | Found a staircase to the Lair.
 10401 | D:10     | Killed Nergalle
 10511 | Lair:1   | Entered Level 1 of the Lair of Beasts
 10547 | Lair:1   | Noticed a six-headed hydra
 10559 | Lair:1   | Killed a six-headed hydra
 10560 | Lair:1   | Reached skill level 11 in Armour
 10927 | Lair:1   | Noticed an eight-headed hydra
 10943 | Lair:1   | Killed an eight-headed hydra
 10943 | Lair:1   | Received a gift from Okawaru
 11098 | Lair:1   | Found a sparkling altar of Nemelex Xobeh.
 11617 | Lair:2   | Found a gate leading to a gauntlet.
 11625 | Gauntlet | Entered a Gauntlet
 11625 | Gauntlet | Found a transporter.
 11625 | Gauntlet | Found a transporter.
 11625 | Gauntlet | Found a transporter.
 11625 | Gauntlet | Noticed a death scarab
 11625 | Gauntlet | Noticed a spectral death yak
 11625 | Gauntlet | Noticed a wizard
 11626 | Gauntlet | Found a transporter.
 11636 | Gauntlet | Found a transporter.
 11639 | Gauntlet | Found a transporter.
 11647 | Gauntlet | Found a transporter.
 11650 | Gauntlet | Found a transporter.
 11656 | Gauntlet | Found a runed translucent gate.
 11656 | Gauntlet | Found a runed translucent gate.
 11656 | Gauntlet | Found a runed translucent gate.
 11658 | Gauntlet | Found a transporter.
 11673 | Gauntlet | Noticed a balrug
 11676 | Gauntlet | Found a transporter.
 11680 | Gauntlet | Found a transporter.
 11683 | Gauntlet | Found a transporter.
 11688 | Gauntlet | Noticed a necromancer
 11753 | Gauntlet | Killed a spectral death yak
 11762 | Gauntlet | Killed a death scarab
 11762 | Gauntlet | Reached ***** piety under Okawaru
 12040 | Gauntlet | Killed a necromancer
 12141 | Gauntlet | Killed a balrug
 12141 | Gauntlet | Received a gift from Okawaru
 12142 | Gauntlet | Reached XP level 12. HP: 59/79 MP: 12/19
 12142 | Gauntlet | Found the +3 robe of Clouds {+Thunder rCloud rElec}
 12157 | Gauntlet | Got a warped amber ring
 12174 | Gauntlet | Identified the +2 chain mail of Zujaorou {Harm +Blink
                  | Dex+3}
 12174 | Gauntlet | Noticed a minotaur
 12289 | Lair:2   | Reached skill level 10 in Invocations
 12289 | Lair:2   | Found a frozen archway.
 12296 | IceCv    | Entered an ice cave
 12316 | IceCv    | Reached skill level 12 in Armour
 13224 | IceCv    | Noticed an ice dragon
 13242 | IceCv    | HP: 4/80 [ice dragon (4)]
 13242 | IceCv    | Slain by an ice dragon

Illustrated notes

Levels and vault maps discovered:
D:1:      erik_arrival_triangle_medium, layout_rooms
D:2:      layout_basic, overflow_temple_1_default, uniq_terence
D:3:      layout_loops_corners, uniq_jessica
D:4:      layout_rooms, grunt_qazlal_clouds, uniq_eustachio
D:5:      layout_basic, marbit_many_paths
D:6:      layout_gridville, minmay_temple_entry_large_hall, serial_shops,
          kennysheep_mini, shop
D:7:      layout_cave_pools, overflow_temple_1_default,
          kennysheep_vampire_church, serial_park
D:8:      layout_basic, slow_altar_1, evilmike_ruin_ashenzari,
          lemuel_coloured_pillars_altar, fedhas_ov_isle_minmay
D:9:      layout_layer_cave, zombieorc2_lemuel, serial_shops,
          nicolae_shop_stone, minmay_nine_imps
D:10:     layout_long_grid, lair_entry_dummy, pond, uniq_fannar, uniq_maurice,
          uniq_nergalle
Temple:   jpeg_temple_clearing
Lair:1:   layout_roguey, basic_altar, chequers_serial_rivers_marsh,
          grunt_megastairs_5
Lair:2:   layout_long_grid, elwin_shoals_entry_rooms, gauntlet_entry_generic,
          portal_ice_cave_demonic_guard, nicolae_quartered_pool_super
IceCv:    ice_cave_small_dragons

Skill      XL: |  1  2  3  4  5  6  7  8  9 10 11 12 |
---------------+-------------------------------------+-----
Fighting       | 3 4 5 7 9 10 11 | 11.4
Maces & Flails | 4 5 6 8 9 |  9.7
Armour         | 7 10 11 12 | 12.0
Invocations    | 2 7 9 10 | 10.0
Throwing       | |  1.7
Dodging        | |  2.4

Action                   |  1- 3 |  4- 6 |  7- 9 | 10-12 || total
-------------------------+-------+-------+-------+-------++-------
Melee: Flail             |    99 |    34 |       |       ||   133
       Whip              |       |   104 |   359 |   584 ||  1047
       Punch             |       |       |       |     7 ||     7
       Demon whip        |       |       |       |   129 ||   129
Throw: Throwing net      |       |       |       |     7 ||     7
       Dart              |       |       |       |     6 ||     6
Invok: Heroism           |       |       |       |     5 ||     5
       Finesse           |       |       |       |     2 ||     2
Evoke: Wand              |       |       |     6 |    23 ||    29
       Phantom mirror    |       |       |       |     1 ||     1
  Use: Potion            |     1 |       |       |     4 ||     5
       Scroll            |       |     8 |     7 |    15 ||    30
 Stab: Paralysed         |       |       |     1 |    12 ||    13
       Invisible         |       |       |       |     2 ||     2
       Held in net/web   |       |       |       |     1 ||     1
Armor: Leather armour    |    49 |       |       |       ||    49
       Skin              |     9 |       |       |       ||     9
       Scale mail        |       |    66 |   182 |   392 ||   640
Dodge: Dodged            |    72 |    64 |   178 |   327 ||   641
